 Dungeon Crawl Stone Soup version 0.14-a0-2019-gd9bc7f0 (webtiles) character file.

290 Piginabag the Bolt Thrower (level 5, 0/33 HPs)
             Began as a Formicid Wanderer on Jan 19, 2014.
             Succumbed to poison (a potion of poison)
             ... on Level 3 of the Dungeon.
             The game lasted 00:10:40 (3230 turns).

Piginabag the Bolt Thrower (Formicid Wanderer)      Turns: 3230, Time: 00:10:41

HP   0/33        AC  5     Str 13      XL: 5   Next: 99%
MP   9/10        EV 11     Int 10      God:
Gold 133         SH  0     Dex 14      Spells:  3 memorised,  2 levels left

rFire  + . .     SeeInvis +     d - +0 dagger (curse)
rCold  + + .     Clarity  .     m - +0 leather armour
rNeg   . . .     Conserve .     (no shield)
rPois  .         rCorr    .     (helmet unavailable)
rElec  +         rRot     .     (no cloak)
SustAb . .       Spirit   .     p - +0 pair of gloves (curse)
rMut   .         Warding  .     (no boots)
Saprov . . .     Stasis   +     (no amulet)
MR     .....                    (no ring)
                                (no ring)

@: quite poisoned, not resistant to hostile enchantments, fairly stealthy
A: permanent stasis, dig shafts and tunnels, four strong arms, poison weakness,
antennae 3, cold resistance 1, weak 1, evolution 1, exoskeleton 1
a: Dig, Shaft Self


You were on level 3 of the Dungeon.
You were hungry.

You visited 1 branch of the dungeon, and saw 3 of its levels.

You collected 133 gold pieces.

Inventory:

Hand weapons
 b - a +0,+0 crossbow
 d - a cursed +0,+0 dagger (weapon)
Missiles
 e - 42 bolts
Armour
 c - a +0 robe
 m - a +0 leather armour (worn)
 p - a cursed +0 pair of gloves (worn)
Comestibles
 f - 2 bread rations
Scrolls
 g - 7 scrolls of remove curse {unknown}
 h - 4 scrolls of identify {unknown}
 i - a scroll of curse armour
 j - a scroll of random uselessness {unknown}
 u - a scroll of amnesia {unknown}
 v - a scroll of enchant weapon II {unknown}
Jewellery
 q - a +1 ring of evasion {unknown}
Books
 a - a book of Necromancy

   Spells                             Type                      Level
   Pain                               Necromancy                   1
   Animate Skeleton                   Necromancy                   1
   *Lethal Infusion                   Charms/Necromancy            2
   *Vampiric Draining                 Necromancy                   3
   Regeneration                       Charms/Necromancy            3
   Animate Dead                       Necromancy                   4
   Control Undead                     Necromancy                   4


   Skills:
 + Level 0.4 Short Blades
 + Level 3.7 Crossbows
 - Level 1.3 Armour
 - Level 1.6 Dodging
 - Level 3.0 Stealth
 + Level 2.1 Spellcasting
 + Level 0.6 Charms
 + Level 1.4 Summonings
 + Level 2.3 Necromancy
   Level 2.1 Transmutations


You had 2 spell levels left.
You knew the following spells:

 Your Spells              Type           Power        Failure   Level  Hunger
a - Summon Small Mammal   Summ           #...         21%         1    ##.....
b - Lethal Infusion       Chrm/Necr      #.........   24%         2    ###....
c - Vampiric Draining     Necr           #.........   38%         3    ####...


Dungeon Overview and Level Annotations

Branches:
Dungeon (3/16)

Altars:
Vehumet


Innate Abilities, Weirdness & Mutations

Your are under a permanent stasis effect.
You can dig through walls and to a lower floor.
Your four strong arms can wield any weapon, most with a shield.
You are susceptible to poison.
You have a pair of large antennae on your head (SInv).
Your body is surrounded by an exoskeleton. (HP +5, AC +1)
Your flesh is cold resistant.
You are weak. (Str -2)
You evolve.


Message History

Read which item? (? for menu, Esc to quit)
As you read the scroll labeled WOECE GRECIU, it crumbles to dust.
Your +0 pair of gloves glows black for a moment.
It was a scroll of curse armour.
* * * LOW HITPOINT WARNING * * *
You feel sick.
You start resting.
* * * LOW HITPOINT WARNING * * *
You feel sick.
Your magical contamination has completely faded away.
Read which item? (? for menu, Esc to quit)
As you read the scroll labeled VUKOPH DISEOMEPAT, it crumbles to dust.
Your +0,+0 dagger glows black for a moment.
It was a scroll of curse weapon.
* * * LOW HITPOINT WARNING * * *
You feel sick.
Read which item? (? for menu, Esc to quit)
As you read the scroll labeled BUNADA MATUE, it crumbles to dust.
You feel a strange sense of stasis.
It was a scroll of blinking.
You die...

#####'### #........ #.#
##'###### #.# #)# #[# #.#
##.# #.# #..# #.# #.##
#.#
########.#########.######
........@................
########.###########.####
#.# #.# #.# #.# #.# #.#
#.# #># #.# #.# #....#
#.# #....# #+#


There were no monsters in sight!

Vanquished Creatures
  A crimson imp (D:3)
  A hound (D:3)
  An orc priest (D:3)
  An adder (D:3)
  A giant mite (D:3)
  A giant gecko (D:2)
  An ooze (D:3)
  3 orcs (D:3)
  A ball python (D:3)
  5 hobgoblins
  3 jackals (D:2)
  4 bats
  3 giant cockroaches
  6 giant newts
  5 goblins
  6 kobolds
  11 rats
54 creatures vanquished.

Vanquished Creatures (collateral kills)
  A goblin (D:2)
  A bat (D:2)
  3 rats
5 creatures vanquished.

Vanquished Creatures (others)
  6 bats
  6 rats
12 creatures vanquished.

Grand Total: 71 creatures vanquished

Notes
Turn   | Place    | Note
--------------------------------------------------------------
     0 | D:1      | Piginabag, the Formicid Wanderer, began the quest for the Orb.
     0 | D:1      | Reached XP level 1. HP: 15/15 MP: 3/3
   108 | D:1      | Reached XP level 2. HP: 20/20 MP: 4/4
   186 | D:1      | Learned a level 2 spell: Lethal Infusion
   905 | D:1      | HP: 1/20 [goblin (3)]
  1030 | D:1      | Reached XP level 3. HP: 10/24 MP: 5/5
  2006 | D:2      | Found a radiant altar of Vehumet.
  2012 | D:2      | Reached skill level 1 in Dodging
  2165 | D:3      | Reached skill level 1 in Armour
  2165 | D:3      | Reached skill level 1 in Summonings
  2165 | D:3      | Reached XP level 4. HP: 12/29 MP: 1/7
  2456 | D:3      | Reached XP level 5. HP: 18/33 MP: 2/9
  2743 | D:3      | Learned a level 3 spell: Vampiric Draining
  3221 | D:3      | Gained mutation: You evolve. [potion of mutation]
  3221 | D:3      | Gained mutation: Your flesh is cold resistant. [potion of mutation]
  3221 | D:3      | Gained mutation: You are weak. (Str -2) [potion of mutation]
  3229 | D:3      | HP: 1/33 [poison (a potion of poison)]
  3230 | D:3      | Succumbed to poison (a potion of poison)

Action                   |  1- 3 |  4- 6 || total
-------------------------+-------+-------++-------
Melee: Dagger            |   106 |    68 ||   174
 Fire: Crossbow          |    28 |    26 ||    54
 Cast: Summon Small Mamm |    21 |    12 ||    33
       Lethal Infusion   |     5 |     5 ||    10
  Use: Potion            |       |     4 ||     4
       Scroll            |       |     3 ||     3
 Stab: Distracted        |     2 |     1 ||     3
